AoeStats
← Gorlami

Arena

508047051Analyzed
4v4 RM · 10d ago on Sep 20, 2026· 34m 18s· 8 players
Game mode
Random Map
Map size
Large (8 player)
Population
200
Speed
Normal
Resources
Standard
Victory
Conquest
Starting age
Dark Age
Ending age
Imperial Age
RankedLock teamsTeams togetherTeam positionsShared explorationLock speedFull tech treeHidden civsTurbo modeCheats
Victory
Defeat
🇦🇷 Persians · Argentina
1751
+11
🇦🇷 Gurjaras · Argentina
1698
+13
🇦🇷 Malay · Argentina
1681
+14
🇦🇷 Poles · Argentina
1612
+18
🇦🇷 Spanish · Argentina
1862
-22
🇦🇷 Byzantines · Argentina
1681
-15
🇦🇷 Romans · Argentina
1638
-14
🇦🇷 Goths · Argentina
1381
-5
Kant be real
6:05 Loom
8:24 Feudal Age
10:01 Fletching
12:22 Horse Collar
13:59 Town Watch
14:38 Double-Bit Axe
22:28 Castle Age
23:12 Wheelbarrow
23:19 Bow Saw
23:11 Heavy Plow
23:47 Gold Mining
25:38 Szlachta Privileges
25:39 Scale Barding Armor
26:10 Bloodlines
26:01 Husbandry
27:05 Chain Barding Armor
30:08 Forging
Gorlami
10:36 Feudal Age
14:05 Castle Age
12:19 Double-Bit Axe
12:20 Horse Collar
17:34 Loom
22:29 Wheelbarrow
23:10 Bow Saw
27:24 Imperial Age
25:09 Padded Archer Armor
25:02 Gold Mining
26:25 Hand Cart
26:50 Heavy Plow
28:42 Chemistry
27:46 Stone Mining
28:18 Leather Archer Armor
32:52 Scale Barding Armor
33:06 Forging
34:04 Chain Barding Armor
33:59 Cavalier
34:39 Husbandry
34:50 Bloodlines
B.R Matias
10:52 Feudal Age
11:18 Loom
14:04 Castle Age
12:08 Double-Bit Axe
12:53 Horse Collar
17:21 Wheelbarrow
17:28 Wheelbarrow
17:34 Bow Saw
18:56 Heavy Plow
22:18 Crossbowman
22:49 Fletching
23:38 Bodkin Arrow
24:08 Ballistics
28:15 Imperial Age
25:49 Padded Archer Armor
26:56 Gold Mining
28:43 Chemistry
29:38 Bracer
29:49 Thumb Ring
32:23 Arbalester
34:08 Conscription
Lic. VELEZ Y VINO
10:51 Feudal Age
11:38 Double-Bit Axe
14:32 Castle Age
12:17 Horse Collar
14:08 Scale Barding Armor
14:44 Bloodlines
15:53 Loom
16:57 Husbandry
20:28 Wheelbarrow
27:25 Hand Cart
31:26 Bow Saw
~BroKen~
10:33 Feudal Age
13:32 Loom
13:42 Fletching
20:10 Castle Age
19:57 Wheelbarrow
21:11 Double-Bit Axe
21:11 Horse Collar
22:48 Bow Saw
26:35 Town Watch
28:27 Gold Mining
28:27 Stone Mining
29:35 Heavy Plow
31:08 Scale Barding Armor
31:13 Forging
34:45 Imperial Age
34:43 Hand Cart
34:43 Bloodlines
34:33 Husbandry
La Serpiente Emplumada
8:56 Loom
10:50 Feudal Age
14:39 Castle Age
12:29 Double-Bit Axe
12:29 Horse Collar
15:31 Bow Saw
17:27 Wheelbarrow
20:27 Gold Mining
20:41 Heavy Plow
20:41 Stone Mining
23:24 Loom
26:13 Imperial Age
24:19 Scale Barding Armor
24:33 Forging
25:43 Chain Barding Armor
26:59 Iron Casting
27:03 Stone Shaft Mining
26:54 Husbandry
27:46 Plate Barding Armor
28:16 Conscription
28:34 Fletching
28:44 Padded Archer Armor
29:07 Ballistics
29:47 Chemistry
30:26 Bodkin Arrow
30:46 Leather Archer Armor
30:32 Scale Mail Armor
30:57 Hand Cart
30:24 Pikeman
31:05 Squires
30:51 Arson
30:53 Gambesons
30:35 Elite Skirmisher
30:48 Halberdier
31:47 Bracer
32:24 Thumb Ring
33:03 Ring Archer Armor
32:02 Light Cavalry
[TBArg] kaos_leo
3:42 Loom
11:05 Feudal Age
14:53 Castle Age
12:49 Double-Bit Axe
16:41 Scale Mail Armor
22:34 Chain Mail Armor
27:05 Horse Collar
29:30 Wheelbarrow
28:59 Heavy Plow
34:44 Hand Cart
Lea
10:27 Feudal Age
13:51 Castle Age
12:48 Double-Bit Axe
14:59 Loom
25:06 Fletching
28:28 Town Watch
29:19 Wheelbarrow
Connection lost

Rejoining the realm…

Still unreachable

The connection could not be restored.

Session expired

The server has moved on; the page needs a fresh start.